 Dungeon Crawl Stone Soup version 0.24.0-13-gcf9b3192b9 (webtiles) character file.

Game seed: 18103469943089688958, levelgen mode: deterministic

256 Goblin1989 the Ducker (level 6, -5/53 HPs)
             Began as a Gnoll Monk on Nov 5, 2019.
             Slain by a killer bee (6 damage)
             ... on level 3 of the Dungeon.
             The game lasted 00:06:57 (2508 turns).

Goblin1989 the Ducker (Gnoll Monk)                  Turns: 2508, Time: 00:06:57

Health: -5/53      AC:  2    Str: 21    XL:     6   Next: 15%
Magic:  8/8        EV: 14    Int: 12    God:
Gold:   74         SH:  9    Dex: 17    Spells: 8/8 levels left

rFire    . . .     SeeInvis .   i - +0 short sword (venom)
rCold    . . .     Gourm    .   q - +0 shield
rNeg     . . .     Faith    .   b - +0 robe
rPois    .         Spirit   .   (no helmet)
rElec    .         Reflect  .   (no cloak)
rCorr    .         Harm     .   (no gloves)
MR       .....                  (no boots)
Stlth    +++.......             (no amulet)
HPRegen  0.17/turn              (no ring)
MPRegen  0.11/turn              (no ring)

@: mighty, lethally poisoned (-5 -> -13)
A: distributed training, fangs 1, strong nose
a: no special abilities


You were on level 3 of the Dungeon.
You were not hungry.

You visited 1 branch of the dungeon, and saw 3 of its levels.

You collected 74 gold pieces.

Inventory:

Hand Weapons
 a - a +0 mace
 i - a +0 short sword of venom (weapon)
 s - a +1 short sword of draining
Missiles
 f - 36 stones (quivered) {@Q3}
Armour
 b - a +0 robe (worn)
 q - a +0 shield (worn)
Scrolls
 k - a scroll of fear
 l - 6 scrolls of remove curse {@r3}
 R - a scroll of identify {@r1}
 T - 2 scrolls of teleportation {!r, @r2}
Potions
 r - a potion of flight
Comestibles
 e - 3 rations


   Skills:
 + Level 6.8 Fighting
 + Level 1.8 Short Blades
 + Level 1.8 Long Blades
 + Level 1.8 Axes
 + Level 6.8 Maces & Flails
 + Level 1.8 Polearms
 + Level 1.8 Staves
 + Level 1.8 Slings
 + Level 1.8 Bows
 + Level 1.8 Crossbows
 + Level 1.8 Throwing
 + Level 1.8 Armour
 + Level 6.8 Dodging
 + Level 4.5 Stealth
 + Level 1.8 Shields
 + Level 1.8 Unarmed Combat
 + Level 1.8 Spellcasting
 + Level 1.4 Conjurations
 + Level 1.4 Hexes
 + Level 1.4 Charms
 + Level 1.4 Summonings
 + Level 1.4 Necromancy
 + Level 1.4 Translocations
 + Level 1.4 Transmutations
 + Level 1.4 Fire Magic
 + Level 1.4 Ice Magic
 + Level 1.4 Air Magic
 + Level 1.4 Earth Magic
 + Level 1.4 Poison Magic
 + Level 2.0 Invocations
 + Level 1.8 Evocations


You had 8 spell levels left.
You didn't know any spells.
Your spell library was empty.

Dungeon Overview and Level Annotations

Branches:
Dungeon (3/15)

Altars:
Ashenzari
Cheibriados
Elyvilon
Xom
Zin


Innate Abilities, Weirdness & Mutations

Your experience applies equally to all skills.
You have very sharp teeth.
Your uncanny sense of smell can sniff out nearby items.


Message History

No target in view!
No target in view!
No target in view!
No target in view!
No target in view!
No target in view!
No target in view!
No target in view!
You now have 74 gold pieces (gained 10).
Things that are here:
a +0 club; a +0 scale mail; an orc corpse
f - 37 stones {@Q3} (gained 1);
u - a poisoned dart An orc wizard comes into view.
It is wielding a +0 dagger.
MP restored: 7 You hear the brisk rusting of a drain nearby.
You hear the quick rusting of a drain nearby.
HP restored.
A killer bee comes into view.
Health restored: 47 A killer bee is nearby!
A killer bee is nearby!
Throwing (i - inventory. (/) - cycle)
u - a poisoned dart (quivered)
Press: ? - help, Shift-Dir - straight line, f - killer bee
Aim: a killer bee (hasn't noticed you)
You throw a poisoned dart. The poisoned dart hits the killer bee.
The killer bee is poisoned.
The killer bee buzzes angrily.
You hear an angry buzzing noise.
A killer bee comes into view.
You hear an angry buzzing noise.
Throwing (i - inventory)
f - 37 stones (quivered)
{@Q3}
Press: ? - help, Shift-Dir - straight line, f/p - killer bee
Aim: a killer bee (moderately wounded, poisoned)
You throw a stone {@Q3}.
The stone {@Q3} hits the killer bee but does no damage.
The killer bee is moderately wounded.
A killer bee comes into view.
The killer bee stings you!
You take 7 damage, and have 40/47 hp.
Your shield prevents you from hitting the killer bee.
The killer bee is moderately wounded.
The killer bee closely misses you. You block the killer bee's attack.
You closely miss the killer bee. Your bite misses the killer bee.
The killer bee is moderately wounded.
The killer bee closely misses you. The killer bee stings you.
You are poisoned.
The killer bee poisons you! You block the killer bee's attack.
You take 3 damage, and have 38/47 hp.
You feel very mighty all of a sudden.
You feel sick. You block the killer bee's attack. x2
You take 1 damage, and have 37/47 hp.
You closely miss the killer bee. Your bite misses the killer bee.
The killer bee is severely wounded.
You feel sick.
The killer bee looks more healthy.
The killer bee stings you! The killer bee closely misses you.
You take 10 damage, and have 27/47 hp.
MASSIVE DAMAGE!!
The killer bee buzzes angrily.
You hit the killer bee.
You kill the killer bee!
The killer bee misses you.
The killer bee buzzes angrily.
You puncture the killer bee!
The killer bee is poisoned.
Your bite misses the killer bee.
The killer bee is heavily wounded.
You feel sick. You block the killer bee's attack. The killer bee stings you!
* * * LOW HITPOINT WARNING * * *
You take 9 damage, and have 18/47 hp.
You puncture the killer bee!
You kill the killer bee!
You hit the killer bee.
The killer bee is lightly wounded.
You feel sick. The killer bee stings you.
* * * LOW HITPOINT WARNING * * *
You are more poisoned.
The killer bee poisons you! You block the killer bee's attack.
You take 5 damage, and have 14/47 hp.
You miss the killer bee.
The killer bee is lightly wounded.
You feel sick. The killer bee stings you.
* * * LOW HITPOINT WARNING * * *
You block the killer bee's attack. The killer bee stings you!
* * * LOW HITPOINT WARNING * * *
You take 12 damage, and have 2/47 hp.
MASSIVE DAMAGE!!
You puncture the killer bee!
The killer bee is severely wounded.
* * * LOW HITPOINT WARNING * * *
You feel sick. The killer bee barely misses you.
You block the killer bee's attack.
You take 1 damage, and have 1/47 hp.
Unknown command.
You puncture the killer bee!
You kill the killer bee!
Your Invocations skill increases to level 2!
You have reached level 6!
Your experience leads to an increase in your attributes!
Your base attributes are Str 15, Int 12, Dex 17.
Increase (S)trength, (I)ntelligence, or (D)exterity?
You feel stronger.
* * * LOW HITPOINT WARNING * * *
You feel sick. The killer bee stings you.
You die...

.█ █.████.███████..█ █....█ █ !█
█.............(.█ █.████ █
.██████████.██████.((█████∆██████
........███..█████..(█..........█
.....................(..........█
........████..█████.██..........█
........█........................
.████████.███..████.█████████████
██ █.█ ██..@yy(...(. y.y... █.█
█.████.█████


██████ █.█ █.█...... ███ █.█.██.███ █...█.... █...█..█ ∆ █...█..█ █......▲ ∆
██████....█.. You could see 2 killer bees.

Vanquished Creatures
  4 killer bees (D:3)
  3 adders
  A worm (D:2)
  2 leopard geckos (D:2)
  3 orcs (D:3)
  3 giant cockroaches
  5 hobgoblins
  6 jackals
  2 quokkas
  A ball python (D:3)
  7 bats
  4 frilled lizards
  3 goblins
  7 kobolds
  5 rats (D:1)
56 creatures vanquished.

Notes
Turn   | Place    | Note
-------+----------+-------------------------------------------
     0 | D:1      | Goblin1989 the Gnoll Monk began the quest for the Orb.
     0 | D:1      | Reached XP level 1. HP: 23/23 MP: 1/1
   242 | D:1      | Reached XP level 2. HP: 26/29 MP: 2/2
   953 | D:2      | Found a shattered altar of Ashenzari.
   996 | D:2      | Reached XP level 3. HP: 35/35 MP: 3/3
  1242 | D:2      | Found a glowing silver altar of Zin.
  1383 | D:2      | Reached skill level 1 in Invocations
  1441 | D:2      | Reached skill level 1 in Short Blades
  1441 | D:2      | Reached skill level 1 in Long Blades
  1441 | D:2      | Reached skill level 1 in Axes
  1441 | D:2      | Reached skill level 1 in Polearms
  1441 | D:2      | Reached skill level 1 in Staves
  1441 | D:2      | Reached skill level 1 in Slings
  1441 | D:2      | Reached skill level 1 in Bows
  1441 | D:2      | Reached skill level 1 in Crossbows
  1441 | D:2      | Reached skill level 1 in Throwing
  1441 | D:2      | Reached skill level 1 in Armour
  1441 | D:2      | Reached skill level 1 in Shields
  1441 | D:2      | Reached skill level 1 in Unarmed Combat
  1441 | D:2      | Reached skill level 1 in Spellcasting
  1441 | D:2      | Reached skill level 1 in Evocations
  1678 | D:2      | Found a white marble altar of Elyvilon.
  1801 | D:2      | Found a snail-covered altar of Cheibriados.
  1902 | D:2      | Reached XP level 4. HP: 41/41 MP: 5/5
  2130 | D:3      | Found a shimmering altar of Xom.
  2223 | D:3      | Reached skill level 1 in Conjurations
  2223 | D:3      | Reached skill level 1 in Hexes
  2223 | D:3      | Reached skill level 1 in Charms
  2223 | D:3      | Reached skill level 1 in Summonings
  2223 | D:3      | Reached skill level 1 in Necromancy
  2223 | D:3      | Reached skill level 1 in Translocations
  2223 | D:3      | Reached skill level 1 in Transmutations
  2223 | D:3      | Reached skill level 1 in Fire Magic
  2223 | D:3      | Reached skill level 1 in Ice Magic
  2223 | D:3      | Reached skill level 1 in Air Magic
  2223 | D:3      | Reached skill level 1 in Earth Magic
  2223 | D:3      | Reached skill level 1 in Poison Magic
  2223 | D:3      | Reached XP level 5. HP: 9/47 MP: 6/6
  2506 | D:3      | HP: 2/47 [killer bee (8)]
  2508 | D:3      | Reached XP level 6. HP: 1/53 MP: 8/8
  2508 | D:3      | Slain by a killer bee

Levels and vault maps discovered:
D:1:      eino_arrival_tree_alley, layout_loops_ring
D:2:      layout_loops_ring, nicolae_ashenzari_panopticon, lemuel_round_altar,
          elyvilon_altar_5, lemuel_coloured_pillars_altar, first_ration
D:3:      layout_basic, portal_sewer_entry_d, xom_teletrap_fun

Skill      XL: |  1  2  3  4  5 |
---------------+----------------+-----
Invocations    | 1 2 |  2.0
Short Blades   | 1 |  1.8
Long Blades    | 1 |  1.8
Axes           | 1 |  1.8
Polearms       | 1 |  1.8
Staves         | 1 |  1.8
Slings         | 1 |  1.8
Bows           | 1 |  1.8
Crossbows      | 1 |  1.8
Throwing       | 1 |  1.8
Armour         | 1 |  1.8
Shields        | 1 |  1.8
Unarmed Combat | 1 |  1.8
Spellcasting   | 1 |  1.8
Evocations     | 1 |  1.8
Conjurations   | 1 |  1.4
Hexes          | 1 |  1.4
Charms         | 1 |  1.4
Summonings     | 1 |  1.4
Necromancy     | 1 |  1.4
Translocations | 1 |  1.4
Transmutations | 1 |  1.4
Fire Magic     | 1 |  1.4
Ice Magic      | 1 |  1.4
Air Magic      | 1 |  1.4
Earth Magic    | 1 |  1.4
Poison Magic   | 1 |  1.4
Fighting       | |  6.8
Maces & Flails | |  6.8
Dodging        | |  6.8
Stealth        | |  4.5

Action                   |  1- 3 |  4- 6 || total
-------------------------+-------+-------++-------
Melee: Short sword       |    85 |    45 ||   130
       Mace              |     3 |       ||     3
       Bite              |     5 |     2 ||     7
Throw: Stone             |   110 |     9 ||   119
       Dart              |       |    15 ||    15
  Use: Scroll            |       |     6 ||     6
       Potion            |       |     5 ||     5
 Stab: Sleeping          |       |     1 ||     1
  Eat: Chunk             |     3 |       ||     3
       Ration            |       |     1 ||     1
Armor: Robe              |     8 |     3 ||    11
Dodge: Dodged            |    66 |    31 ||    97
Block: Shield            |     5 |    23 ||    28

Levels and vault maps discovered:
D:1:      eino_arrival_tree_alley, layout_loops_ring
D:2:      layout_loops_ring, nicolae_ashenzari_panopticon, lemuel_round_altar,
          elyvilon_altar_5, lemuel_coloured_pillars_altar, first_ration
D:3:      layout_basic, portal_sewer_entry_d, xom_teletrap_fun
